 Dungeon Crawl Stone Soup version 0.17-a0-1262-gd250d98 (webtiles) character file.

115 inmateoo the Sneak (level 4, -3/33 HPs)
             Began as a Mummy Assassin on June 6, 2015.
             Was a Follower of Dithmenos.
             Slain by a sky beast (6 damage)
             ... on level 3 of the Dungeon.
             The game lasted 00:03:46 (3623 turns).

inmateoo the Sneak (Mummy Assassin)                 Turns: 3623, Time: 00:03:47

Health: -3/33      AC:  2    Str: 14    XL:     4   Next: 68%
Magic:  13/13      EV: 12    Int: 10    God:    Dithmenos [*.....]
Gold:   169        SH:  0    Dex: 14    Spells: 0 memorised, 3 levels left

rFire  x . .     SeeInvis +     o - +2 whip (pain)
rCold  + . .     Clarity  .     c - +0 robe
rNeg   + + +     SustAt   .     (no shield)
rPois  ∞         Gourm    .     (no helmet)
rElec  .         Spirit   .     d - +0 cloak
rCorr  .         Warding  .     (no gloves)
rMut   .         Stasis   .     q - -2 pair of boots (curse)
MR     .....                    i - amulet of faith
Stlth  +++.......               g - ring of magical power
                                j - ring of see invisible

@: wreathed by umbra, not resistant to hostile enchantments, fairly stealthy
A: no food or potions, fire vulnerability, cold resistance 1, negative energy
resistance 3, torment resistance, unbreathing
a: Renounce Religion


You were on level 3 of the Dungeon.
You worshipped Dithmenos.
Dithmenos was aware of your devotion.
You were not hungry.

You visited 1 branch of the dungeon, and saw 4 of its levels.

You collected 169 gold pieces.

Inventory:

Hand weapons
 a - a +2 dagger
 b - a +0 blowgun
 o - a +2 whip of pain (weapon)
Missiles
 e - 21 poisoned needles
 f - 2 curare-tipped needles
Armour
 c - a +0 robe (worn)
 d - a +0 cloak (worn)
 q - a cursed -2 pair of boots (worn)
Jewellery
 g - a ring of magical power (right hand)
 i - an amulet of faith (around neck)
 j - a ring of see invisible (left hand)
Magical devices
 l - a wand of teleportation (9)
Scrolls
 h - 5 scrolls of identify
 k - 2 scrolls of fog
 m - a scroll of teleportation


   Skills:
 - Level 2.2 Fighting
 - Level 2.4 Short Blades
 * Level 1.6 Maces & Flails
 - Level 1.5 Throwing
 + Level 1.5 Dodging
 + Level 3.9 Stealth


You had 3 spell levels left.
You didn't know any spells.

Dungeon Overview and Level Annotations

Branches:
Dungeon (4/15)
 Temple: D:4-7

Altars:
Ashenzari
Dithmenos
Gozag
Nemelex Xobeh
Ru
Yredelemnul
The Shining One


Innate Abilities, Weirdness & Mutations

You do not eat or drink.
Your flesh is vulnerable to fire.
You are immune to poison.
Your flesh is cold resistant.
You are immune to negative energy.
You are immune to unholy pain and torment.
You can survive without breathing.


Message History

You closely miss the sky beast.
The sky beast is lightly wounded.
The sky beast flickers out of sight for a moment.
The sky beast hits you. The sky beast shocks you.
You barely miss the sky beast.
The sky beast is lightly wounded.
The sky beast hits you. The sky beast shocks you.
* * * LOW HITPOINT WARNING * * *
You are too injured to fight recklessly!
You are too injured to fight recklessly!
You can't drink.
Unknown command.
Read which item? (? for menu, Esc to quit)
Okay, then.
You closely miss the sky beast.
The sky beast is lightly wounded.
The sky beast hits you.
* * * LOW HITPOINT WARNING * * *
The sky beast shocks you.
You die...

#.# #.# ##...## #
#.# #.# ##### # #.#
#.# # #.# #.# #
#.######.###### #
#........)....### #
########........#
##
#..##.##.#########.
#Y@...........>)...
##..........###....
##.###.###..# #.#.#
#..# #.# #..# #.%..
#..###+###..# #.#.#
#....'_+...## #....
#..#######.## ##.##
#..# ### #..# #.##
#(.#######..####.##


You could see a sky beast (invisible).

Vanquished Creatures
  Natasha (D:3)
  3 adders (D:2)
  An ooze (D:2)
  2 worms (D:3)
  2 giant geckos (D:2)
  2 orcs (D:3)
  4 bats
  3 giant cockroaches
  2 gnoll zombies (D:3)
  8 hobgoblins
  4 jackals (D:1)
  4 giant newts
  A goblin (D:1)
  10 kobolds
  8 rats
55 creatures vanquished.

Notes
Turn   | Place    | Note
--------------------------------------------------------------
     0 | D:1      | inmateoo the Mummy Assassin began the quest for the Orb.
     0 | D:1      | Reached XP level 1. HP: 16/16 MP: 1/1
   218 | D:1      | Reached skill level 1 in Dodging
   264 | D:1      | Reached XP level 2. HP: 17/22 MP: 2/2
   956 | D:1      | Found a glowing golden altar of the Shining One.
  1257 | D:2      | Reached XP level 3. HP: 8/27 MP: 3/3
  1734 | D:2      | Found a shattered altar of Ashenzari.
  1738 | D:2      | Found a sacrificial altar of Ru.
  1738 | D:2      | Found a sparkling altar of Nemelex Xobeh.
  1760 | D:2      | Found a shadowy altar of Dithmenos.
  1807 | D:2      | Became a worshipper of Dithmenos the Shadowed
  2468 | D:3      | Reached XP level 4. HP: 33/33 MP: 4/4
  2570 | D:3      | Reached skill level 1 in Maces & Flails
  2777 | D:3      | Noticed Natasha
  2786 | D:3      | Killed Natasha
  3154 | D:3      | Found a basalt altar of Yredelemnul.
  3394 | D:3      | Found an opulent altar of Gozag.
  3617 | D:4      | Noticed a sky beast
  3617 | D:4      | Noticed an ogre
  3623 | D:3      | Slain by a sky beast

Vault maps used:
D:1:      shiori_arrival_oz, st_stairs_12, minmay_misc_feat_four_crosses,
          tso_altar
D:2:      nicolae_overflow_quartered_altars
D:3:      lemuel_doored_altar, lemuel_zombie_altar_yredelemnul, first_bread,
          serial_glass, glass_columns_b, glass_columns_a, uniq_natasha
D:4:      okawaru_altar_gauntlet_db

Action                   |  1- 3 |  4- 6 || total
-------------------------+-------+-------++-------
Melee: Dagger            |    92 |     8 ||   100
       Whip              |    43 |    72 ||   115
 Fire: Blowgun           |     3 |       ||     3
  Use: Scroll            |     5 |       ||     5
 Stab: Sleeping          |    11 |     3 ||    14
